 Dungeon Crawl Stone Soup version 0.24-a0-479-g9a978d2894 (webtiles) character file.

Game seed: 6555728971711184839

5519 mortelune the Martial Artist (level 10, -10/61 HPs)
             Began as an Octopode Transmuter on July 7, 2019.
             Was a Plaything of Xom.
             Mangled by a hornet (13 damage)
             ... on level 9 of the Dungeon.
             The game lasted 00:37:57 (13312 turns).

mortelune the Martial Artist (Octopode Transmuter) Turns: 13312, Time: 00:37:57

Health: -10/61     AC:  1    Str:  8    XL:     10   Next: 70%
Magic:  18/19      EV: 16    Int: 18    God:    Xom [..*...]
Gold:   171        SH:  6    Dex: 13    Spells: 2/21 levels left

rFire    . . .     SeeInvis .     - Unarmed
rCold    + . .     Gourm    .   w - +2 buckler {rC+}
rNeg     . . .     Faith    .   (helmet restricted)
rPois    .         Spirit   .   (no amulet)
rElec    .         Reflect  .   (no ring)
rCorr    .         Harm     .   (no ring)
MR       +....                  (no ring)
Stlth    ++........             (no ring)
HPRegen  0.20/turn              (no ring)
MPRegen  0.16/turn              (no ring)
                                (no ring)
                                (no ring)

@: lethally poisoned (-10 -> -16), appendage, slowed, lightly drained, very slow
A: almost no armour, stealthy swim, amphibious, 8 rings, constrict 8, tentacle
spike 3, camouflage 1, blurry vision 1, frail 1, magic resistance 1, weak 1,
wild magic 1, gelatinous body 1
a: End Transformation, Renounce Religion


You were on level 9 of the Dungeon.
You worshipped Xom.
You were a toy of Xom.
You were not hungry.
One of your tentacles had a temporary spike.
You visited 2 branches of the dungeon, and saw 10 of its levels.
You also visited: Ossuary.

You collected 403 gold pieces.
You spent 232 gold pieces at shops.

Inventory:

Hand Weapons
 r - the +7 hand axe "Bisac" {chop, Int+4 Dex+3}
   (You found it on level 4 of the Dungeon)

   It inflicts extra damage upon your enemies.
   It affects your intelligence (+4).
   It affects your dexterity (+3).
Missiles
 a - 157 arrows
 h - 361 stones
 y - 6 atropa-tipped darts (quivered)
Armour
 u - a +1 buckler of protection
 w - a +2 buckler of cold resistance (worn)
Jewellery
 L - an uncursed amulet of the gourmand {unknown}
Wands
 j - a wand of iceblast (3)
 m - a wand of flame (10)
 x - a wand of disintegration (5)
 I - a wand of clouds (7)
 K - a wand of scattershot (3)
 M - a wand of random effects (22)
Scrolls
 b - 2 scrolls of amnesia
 d - 7 scrolls of identify
 e - 10 scrolls of remove curse
 l - 3 scrolls of fog
 n - 3 scrolls of enchant weapon
 o - 9 scrolls of teleportation
 p - 3 scrolls of immolation
 q - 4 scrolls of fear
 z - a scroll of acquirement {unknown}
 D - a scroll of blinking {unknown}
 E - a scroll of random uselessness {unknown}
 F - a scroll of enchant armour {unknown}
Potions
 f - 3 potions of might
 g - a potion of heal wounds
 i - a potion of haste
 k - a potion of resistance
 s - 10 potions of curing
 t - a potion of magic
 v - 4 potions of flight
 A - a potion of brilliance
 B - 5 potions of lignification {unknown}
 C - a potion of ambrosia
 G - a potion of mutation {unknown}
 H - a potion of berserk rage {unknown}
 J - a potion of invisibility {unknown}
Comestibles
 c - 11 rations
 N - 2 chunks of flesh


   Skills:
 + Level 6.3(6.0) Fighting
 + Level 6.5(6.2) Dodging
 * Level 2.3(2.0) Shields
 + Level 8.7(8.3) Unarmed Combat
 + Level 6.0(5.7) Spellcasting
 + Level 6.6(6.3) Transmutations
 + Level 4.4(4.1) Poison Magic


You had 2 spell levels left.
You knew the following spells:

 Your Spells              Type           Power        Failure   Level  Hunger
a - Beastly Appendage     Tmut           #####.       2%          1    None
b - Sticks to Snakes      Tmut           #####...     3%          2    None
c - Spider Form           Tmut/Pois      ####......   9%          3    ##.....
d - Ice Form              Ice/Tmut       ###.....     47%         4    ####...
e - Blade Hands           Tmut           #####.....   41%         5    #####..
f - Sting                 Conj/Pois      ###.         11%         1    None
g - Mephitic Cloud        Conj/Pois/Air  ##......     34%         3    ##.....

Your spell library contained the following spells:

 Spells                   Type           Power        Failure   Level  Hunger
 Poisonous Vapours        Pois/Air       ###...       14%         2    None
 Olgreb's Toxic Radiance  Pois           ####....     36%         4    ####...
 Venom Bolt               Conj/Pois      ###.......   92%         5    #####..


Dungeon Overview and Level Annotations

Branches:
Dungeon (9/15)             Temple (1/1) D:7
   Lair: D:8-11         Orc: D:9-12

Altars:
Dithmenos
Elyvilon
Fedhas
Gozag
Hepliaklqana
Kikubaaqudgha
Nemelex Xobeh
Qazlal
Ru
Trog
Uskayaw
Vehumet
Xom
Yredelemnul

Shops:
D:7 ?   D:8 *

Annotations:
D:4 1 runed translucent door, zkyp's ghost, novice OpGl
D:6 Sigmund


Innate Abilities, Weirdness & Mutations

You cannot wear most types of armour.
You are very stealthy in the water. (Stealth+)
You are amphibious.
You can wear up to eight rings at the same time.
You can use your tentacles to constrict eight enemies at once.
Your skin changes colour to match your surroundings (Stealth+).
Your rubbery body absorbs attacks. (AC +1, EV +1)
One of your tentacles bears a large vicious spike.
Scrolls take you a little longer to read.
You are frail. (-10% HP)
You are resistant to hostile enchantments. (MR+)
You are weak. (Str -2)
Your spells are a little harder to cast, but a little more powerful.


Message History

You feel sick.
Your ball python bites the orc warrior but does no damage.
Your ball python constricts the orc warrior.
The orc warrior struggles to escape constriction.
Things that are here:
a +0 robe; a cursed +5 dagger of freezing You feel sick.
Your ball python bites the orc warrior but does no damage.
Your ball python constricts the orc warrior.
The orc warrior struggles to escape constriction.
The hornet stings you!
* * * LOW HITPOINT WARNING * * *
You feel yourself slow down.
You see here a wyvern skeleton.
* * * LOW HITPOINT WARNING * * *
You feel sick.
Your ball python loses its grip on the orc warrior.
The hornet stings you!
You die...
Xom snickers!

...........##[.<........#
#'###########.<.....)...#
#.# #..)..).....# ..#
#######'##### ### ###..#
##### #.).## ..... #)###
..... #.# ..... #@# .....
#y# ....y #[# ..... ##)#
##### #.o# ##.## #.S#
##.####### #.........


You could see a hornet, an orc warrior and a friendly ball python.

Vanquished Creatures
  A two-headed ogre (D:7)
  A glowing orange brain (shapeshifter) (D:8)
  A troll (D:7)
  A wyvern (D:9)
  A fire bat (D:7)
  A hungry ghost (D:7)
  A necrophage (D:9)
  4 sky beasts
  3 black bears
  2 ice beasts
  An ogre (D:5)
  3 centaurs
  5 bullfrogs
  3 scorpions
  3 killer bees (D:9)
  3 wights
  4 howler monkeys
  3 crimson imps
  A bullfrog zombie (D:5)
  A centaur zombie (Ossuary)
  2 jellies (D:8)
  6 hounds
  4 orc priests
  5 orc wizards
  3 bullfrog skeletons
  An iguana (D:9)
  6 worker ants
  3 big kobold zombies (Ossuary)
  A hound zombie (D:7)
  3 mummies (Ossuary)
  3 worker ant zombies
  10 gnolls
  8 adders
  A howler monkey skeleton (D:9)
  2 shadow imps
  4 oozes
  An adder zombie (D:5)
  2 adder skeletons
  A worm (D:3)
  2 dart slugs
  5 leopard geckos
  33 orcs
  A ball python (D:3)
  8 giant cockroaches
  7 goblins
  6 hobgoblins
  17 jackals
  3 kobolds
  3 quokkas
  11 bats
  4 frilled lizards
  A gnoll zombie (Ossuary)
  A goblin zombie (Ossuary)
  A jackal zombie (D:2)
  A kobold zombie (Ossuary)
  A leopard gecko skeleton (D:4)
  An orc zombie (Ossuary)
  7 rats
222 creatures vanquished.

Vanquished Creatures (collateral kills)
  Menkaure (D:7)
  A phantom (D:9)
  An ogre (D:4)
  A killer bee (D:9)
  A wight (D:9)
  A crimson imp (D:9)
  An orc (D:9)
7 creatures vanquished.

Vanquished Creatures (others)
  A crimson imp (D:7)
1 creature vanquished.

Grand Total: 230 creatures vanquished

Notes
Turn   | Place    | Note
-------+----------+-------------------------------------------
     0 | D:1      | mortelune the Octopode Transmuter began the quest for the
                  | Orb.
     0 | D:1      | Reached XP level 1. HP: 13/13 MP: 3/3
   301 | D:1      | Reached XP level 2. HP: 11/18 MP: 5/5
   353 | D:1      | Learned a level 2 spell: Sticks to Snakes
   663 | D:1      | Reached XP level 3. HP: 23/23 MP: 6/6
   668 | D:1      | Learned a level 3 spell: Spider Form
   844 | D:1      | Found a sparkling altar of Nemelex Xobeh.
  2158 | D:2      | Reached XP level 4. HP: 27/29 MP: 5/7
  3613 | D:3      | Found an ancient bone altar of Kikubaaqudgha.
  3660 | D:3      | Found a sparkling altar of Nemelex Xobeh.
  3672 | D:3      | Reached skill level 4 in Unarmed Combat
  3828 | D:3      | Found a white marble altar of Elyvilon.
  4215 | D:3      | Reached XP level 5. HP: 34/34 MP: 4/8
  4816 | D:3      | Found a stormy altar of Qazlal.
  4929 | D:4      | Found a runed translucent door.
  4944 | D:4      | Noticed an ogre
  4984 | D:4      | Got a jewelled hand axe
  4985 | D:4      | Identified the +7 hand axe "Bisac" {chop, Int+4 Dex+3} (You
                  | found it on level 4 of the Dungeon)
  5006 | D:4      | Reached XP level 6. HP: 33/41 MP: 8/10
  5392 | D:4      | Reached skill level 5 in Unarmed Combat
  5529 | D:4      | Noticed zkyp's ghost (novice OpGl)
  5605 | D:4      | Reached XP level 7. HP: 26/46 MP: 11/11
  5967 | D:5      | Entered Level 5 of the Dungeon
  5983 | D:5      | You fall into a shaft and drop 2 floors!
  5984 | D:7      | Found a staircase to the Ecumenical Temple.
  6000 | Temple   | Entered the Ecumenical Temple
  6205 | Temple   | Became a worshipper of Xom of Chaos
  6268 | D:7      | Noticed Menkaure
  6281 | D:7      | XOM: potion effect (berserk rage)
  6286 | D:7      | XOM: potion effect (agility)
  6412 | D:7      | Reached XP level 8. HP: 38/53 MP: 13/13
  6418 | D:7      | XOM: summons 8 friendly demons
  6419 | D:7      | Killed Menkaure
  6419 | D:7      | Reached skill level 6 in Unarmed Combat
  6545 | D:7      | Learned a level 4 spell: Ice Form
  6602 | D:7      | XOM: smoke on damage
  6743 | D:7      | XOM: divination: detect creatures
  6761 | D:7      | XOM: 3-stop teleportation journey
  6859 | D:7      | XOM: god gift: ring mail {god gift}
  6885 | D:7      | XOM: god gift: glowing buckler {god gift}
  6929 | D:7      | XOM: god gift: runed buckler {god gift}
  7049 | D:6      | XOM: confuse monster(s)
  7226 | D:5      | XOM: scenery: create altars
  7317 | D:5      | XOM: draining
  7366 | D:5      | XOM: medium Chrm miscast
  7417 | D:5      | Found Pousuffa's General Store.
  7659 | D:5      | XOM: noise
  7708 | D:5      | XOM: give mutations
  7708 | D:5      | Gained mutation: You are frail. (-10% HP) [Xom's mischief]
  7708 | D:5      | Gained mutation: You are weak. (Str -2) [Xom's mischief]
  7887 | D:5      | Identified the +4 robe of the Eternal Void {rF+ rC++ MR+
                  | Dex-4}
  7929 | D:5      | XOM: give mutations
  7929 | D:5      | Lost mutation: You are frail. (-10% HP) [Xom's mischief]
  7929 | D:5      | Gained mutation: Your spells are a little harder to cast,
                  | but a little more powerful. [Xom's mischief]
  7986 | D:5      | Reached skill level 7 in Unarmed Combat
  8075 | D:6      | Noticed Sigmund
  8078 | D:6      | XOM: confuse monster(s)
  8123 | D:6      | XOM: medium Ice miscast
  8293 | D:6      | Reached XP level 9. HP: 55/59 MP: 15/15
  8300 | D:6      | Learned a level 5 spell: Blade Hands
  8425 | D:7      | XOM: confusion
  8438 | D:7      | Reached skill level 5 in Transmutations
  8554 | D:7      | XOM: blink monster(s)
  8560 | D:7      | Reached skill level 5 in Dodging
  8580 | D:7      | XOM: polymorph ball python -> hobgoblin
  8785 | D:7      | XOM: harmless Summ miscast
  8858 | D:7      | XOM: give mutations
  8858 | D:7      | Gained mutation: Scrolls take you a little longer to read.
                  | [Xom's mischief]
  8858 | D:7      | Gained mutation: You are frail. (-10% HP) [Xom's mischief]
  8858 | D:7      | Gained mutation: You are resistant to hostile enchantments.
                  | (MR+) [Xom's mischief]
  8871 | D:7      | Found Dorch's Magic Scroll Emporium.
  8874 | D:7      | Bought a scroll of remove curse for 45 gold pieces
  8874 | D:7      | Bought a scroll of fog for 30 gold pieces
  8874 | D:7      | Bought 3 scrolls of fear for 157 gold pieces
  8945 | D:7      | XOM: god gift: ration
  8961 | D:7      | XOM: swap monsters
  9040 | D:7      | Noticed Pikel
  9049 | D:7      | Noticed Pikel
  9049 | D:7      | Pikel changed into Pikel the fire bat
  9049 | D:7      | XOM: polymorph Pikel -> Pikel the fire bat
  9056 | D:7      | Killed Pikel the fire bat
  9062 | D:7      | Learned a level 1 spell: Sting
  9262 | D:7      | XOM: god gift: 4 atropa-tipped darts
  9679 | D:7      | Noticed a troll
  9687 | D:7      | XOM: summons friendly white imp
  9708 | D:7      | Killed a troll
  9708 | D:7      | Reached skill level 5 in Fighting
  9900 | D:7      | XOM is BORED!
  9900 | D:7      | XOM: noise
  9955 | D:8      | Reached skill level 1 in Poison Magic
  9989 | D:8      | Found a sand-covered staircase.
  9994 | Ossuary  | Entered an ossuary
 10355 | D:8      | Found Kyatig's Assorted Antiques.
 10423 | D:8      | Noticed a two-headed ogre
 10458 | D:7      | XOM: potion effect (magic)
 10459 | D:7      | XOM: potion effect (haste)
 10469 | D:7      | XOM: confuse monster(s)
 10480 | D:7      | Killed a two-headed ogre
 10480 | D:7      | Reached skill level 8 in Unarmed Combat
 10480 | D:7      | Reached skill level 5 in Spellcasting
 10480 | D:7      | Reached XP level 10. HP: 9/60 MP: 14/18
 10588 | D:7      | XOM is BORED!
 10588 | D:7      | XOM: medium Fire miscast
 10593 | D:7      | Learned a level 3 spell: Mephitic Cloud
 10977 | D:8      | Noticed a glowing shapeshifter
 10977 | D:8      | a gnoll changed into a glowing shapeshifter
 10977 | D:8      | XOM: polymorph gnoll -> glowing shapeshifter
 10977 | D:8      | Noticed a sea snake
 10977 | D:8      | a glowing shapeshifter changed into a sea snake
 10978 | D:8      | a sea snake changed into a merfolk
 10981 | D:8      | XOM: god gift: 8 stones
 10984 | D:8      | Noticed an anaconda
 10984 | D:8      | a merfolk changed into an anaconda
 10985 | D:8      | XOM: confuse monster(s)
 10987 | D:8      | XOM: divination: magic mapping
 10988 | D:8      | XOM: potion effect (magic)
 10990 | D:8      | Noticed a fire dragon
 10990 | D:8      | an anaconda changed into a fire dragon
 10993 | D:8      | Noticed an alligator
 10993 | D:8      | a fire dragon changed into an alligator
 10995 | D:8      | XOM: potion effect (agility)
 10996 | D:8      | Noticed a shining eye
 10996 | D:8      | an alligator changed into a shining eye
 10999 | D:8      | Noticed an eye of devastation
 10999 | D:8      | a shining eye changed into an eye of devastation
 11009 | D:8      | Noticed a glowing orange brain
 11009 | D:8      | an eye of devastation changed into a glowing orange brain
 11012 | D:8      | Killed a glowing orange brain
 11107 | D:8      | XOM: divination: magic mapping
 11182 | D:8      | XOM: divination: magic mapping
 11552 | D:8      | XOM: god gift: scroll of teleportation
 11564 | D:8      | XOM: divination: magic mapping
 11681 | D:8      | XOM: mild Erth miscast
 11759 | D:8      | XOM: summons 1 hostile demon
 11882 | D:8      | XOM is BORED!
 11882 | D:8      | XOM: summons 2 hostile shadow creatures
 12313 | D:9      | Reached skill level 1 in Shields
 12528 | D:9      | Found a shadowy altar of Dithmenos.
 12575 | D:9      | XOM: enchant monster (bad)
 12701 | D:9      | XOM: medium Chrm miscast
 12834 | D:9      | XOM: harmless Erth miscast
 12919 | D:9      | XOM: harmless Air miscast
 13012 | D:9      | XOM: potion effect (invisibility)
 13311 | D:9      | HP: 3/61 [hornet (15)]
 13312 | D:9      | Mangled by a hornet

Levels and vault maps discovered:
D:1:      lightli_arrival_statuegarden, layout_rooms,
          nemelex_xobeh_ov_fountains_minmay
D:2:      layout_loops_corners, first_ration
D:3:      layout_basic, grunt_temple_overflow_cloverleaf
D:4:      layout_rooms, ebering_ghost_sewer_d, grunt_ministairs_1,
          minmay_close_crescents
D:5:      wander_river, layout_loops_ring, serial_shops, nicolae_shop_waterfront
D:6:      layout_cave_pools, cheibriados_altar_1, chequers_serial_rivers_marsh,
          kennysheep_generic_room_5, uniq_sigmund
D:7:      minmay_thinvault, layout_layer_cave, minmay_temple_entry_ruins,
          serial_shops, kennysheep_mini, uniq_pikel, uniq_menkaure
D:8:      layout_layer_cave, lightli_bailey_entry_fortress,
          nicolae_ossuary_entry_plus, serial_shops, nicolae_shop_crystal
D:9:      layout_roguey, grunt_dithmenos_smoke, lemuel_crystal_altar,
          hangedman_pestilent_swarm
Temple:   eino_wide_crystal_templ

Skill      XL: |  1  2  3  4  5  6  7  8  9 10 |
---------------+-------------------------------+-----
Fighting       | 2 3 4 5 6 |  6.3
Unarmed Combat | 4 5 7 8 |  8.7
Transmutations | 3 4 5 6 |  6.6
Dodging        | 3 4 5 6 |  6.5
Spellcasting   | 3 4 5 6 |  6.0
Poison Magic   | 3 4 |  4.4
Shields        | 2 |  2.3

Action                   |  1- 3 |  4- 6 |  7- 9 | 10-12 || total
-------------------------+-------+-------+-------+-------++-------
Melee: Unarmed           |   104 |   111 |    73 |   227 ||   515
       Constrict         |    23 |    20 |    42 |    10 ||    95
       Tentacles         |    10 |    12 |    27 |     6 ||    55
       Kick              |     7 |     9 |     5 |     9 ||    30
       Punch             |       |     2 |    14 |     1 ||    17
       Hand axe          |       |    23 |   153 |     3 ||   179
Throw: Stone             |     8 |     7 |       |       ||    15
 Cast: Beastly Appendage |     8 |     7 |     2 |     6 ||    23
       Sticks to Snakes  |     1 |     2 |     3 |     8 ||    14
       Spider Form       |     2 |    16 |    10 |    21 ||    49
       Sting             |       |       |    10 |     9 ||    19
       Mephitic Cloud    |       |       |       |     1 ||     1
       Ice Form          |       |       |       |     1 ||     1
Evoke: Wand              |       |       |     4 |       ||     4
  Use: Potion            |       |     6 |       |     1 ||     7
       Scroll            |       |       |     8 |       ||     8
 Stab: Sleeping          |     5 |     3 |     5 |       ||    13
       Distracted        |       |       |     1 |       ||     1
       Invisible         |       |       |       |     1 ||     1
  Eat: Chunk             |     5 |    10 |     8 |    10 ||    33
       Ration            |       |     1 |     3 |       ||     4
Armor: Skin              |    17 |    11 |    13 |    12 ||    53
Dodge: Dodged            |    80 |   127 |   192 |   213 ||   612
Block: Buckler           |       |       |    20 |    19 ||    39

Table legend:
 A = Non-vault XP
 B = Vault XP
 C = Vault XP percentage of total XP
 D = Non-vault monster count
 E = Vault monster count
 F = Vault count percentage of total count
                 A         B        C        D         E       F
            +---------+---------+-------+---------+---------+-------
      Total |    5655 |    2230 |  28.3 |     187 |      42 |  18.3
            +---------+---------+-------+---------+---------+-------
        D:1 |      53 |       0 |   0.0 |      22 |       0 |   0.0
        D:2 |      48 |       0 |   0.0 |      19 |       0 |   0.0
        D:3 |     129 |       0 |   0.0 |      36 |       0 |   0.0
        D:4 |     341 |     113 |  24.9 |      11 |       4 |  26.7
        D:5 |     403 |       0 |   0.0 |      15 |       0 |   0.0
        D:6 |     253 |      49 |  16.2 |       6 |       3 |  33.3
        D:7 |    1780 |    1123 |  38.7 |      24 |      13 |  35.1
        D:8 |    1074 |     764 |  41.6 |      24 |      11 |  31.4
        D:9 |    1574 |       0 |   0.0 |      30 |       0 |   0.0
    Ossuary |       0 |     181 | 100.0 |       0 |      11 | 100.0
            +---------+---------+-------+---------+---------+-------
